Map: Prüfung von Aiur LE

Players

sGǂmulti

  • Race: Protoss Protoss
  • League: Diamond
  • Spawn Location: 5:00

Panda - Winner!

  • Race: Zerg Zerg
  • League: Diamond
  • Spawn Location: 11:00

VOD

Have the link to the VOD?

Description

Time

  • Played on: Sept. 7, 2017, 9:39 a.m.
  • Length: 4:14
Show
View Real Time Build Order
Export as new Build Order

sGǂmulti Protoss 

Build Orders: Nexus First 

Get SALT Encoding   

  12  0:01  Probe (Chrono Boost)  
  13  0:11  Probe (Chrono Boost)  
  14  0:22  Probe (Chrono Boost), Pylon  
  15  0:40  Probe (Chrono Boost)  
  16  0:51  Probe (Chrono Boost)  
  17  1:01  Nexus  
  17  1:12  Gateway  
  17  1:16  Probe (Chrono Boost)  
  18  1:29  Pylon  
  18  1:33  Gateway  
  18  1:43  Assimilator  
  18  1:45  Assimilator  
  18  1:59  Zealot (Chrono Boost)  
  20  2:09  Cybernetics Core  
  20  2:12  Pylon  
  19  2:18  Probe  
  22  2:24  Zealot x2 (Chrono Boost)  
  24  2:36  Gateway  
  22  2:37  Gateway  
  22  2:45  Probe  
  23  3:00  Stargate  
  18  3:20  Mothership Core  
Show
View Real Time Build Order
Export as new Build Order

Panda Zerg - Winner!

Build Orders: Pool Only 

Get SALT Encoding   

  12  0:01  Drone  
  13  0:15  Extractor  
  12  0:24  Spawning Pool  
  11  0:29  Drone  
  12  0:36  Drone  
  13  0:44  Overlord  
  13  0:50  Drone  
  14  1:12  Zergling x6  
  17  1:23  Metabolic Boost  
  17  1:27  Zergling x2  
  18  1:34  Zergling x2  
  19  1:40  Queen  
  19  1:45  Zergling x2  
  22  1:57  Overlord  
  22  2:08  Overlord  
  22  2:19  Zergling x2  
  23  2:29  Zergling x2  
  23  2:44  Zergling x2  
  24  2:57  Zergling x2  
  24  3:06  Zergling x2  
  24  3:07  Zergling x6  
  26  3:18  Zergling x2  
  27  3:31  Zergling x2  
  28  3:36  Zergling x2  
  25  3:49  Zergling x2  
Tags
 
Add a new tag
Caveats
  • Supply blocks, unpowered buildings, or Contaminate may cause inaccurate times.
  • Supply counts are checked every 10 seconds.